 Dungeon Crawl Stone Soup version 0.29.1-1-gd02db6906a (webtiles) character file.

Game seed: 5756190149828119684

75 tardwrangler69 the Digger (level 4, 0/27 HPs)
             Began as an Octopode Earth Elementalist on Oct 5, 2022.
             Slain by a gnoll
             ... wielding a +0 spear
              (7 damage)
             ... on level 2 of the Dungeon.
             The game lasted 00:00:43 (2019 turns).

tardwrangler69 the Digger (OpEE)                    Turns: 2019, Time: 00:00:44

Health: 0/27       AC:  1    Str:  7    XL:     4   Next: 31%
Magic:  1/8        EV:  7    Int: 19    God:
Gold:   63         SH:  0    Dex: 12    Spells: 8/9 levels left

rFire   . . .      SeeInvis .   (no weapon)
rCold   . . .      Faith    .   (no shield)
rNeg    . . .      Spirit   .   (helmet restricted)
rPois   .          Reflect  .   (no amulet)
rElec   .          Harm     .   (no ring)
rCorr   .          Rampage  .   (no ring)
Will    .....                   (no ring)
Stlth   +++.......              (no ring)
HPRegen 0.09/turn               (no ring)
MPRegen 0.11/turn               (no ring)
                                (no ring)
                                (no ring)

@: held
A: almost no armour, amphibious, 8 rings, camouflage 1, gelatinous body 1,
(nimble swimmer 1), tentacles
a: no special abilities


You were on level 2 of the Dungeon.
You visited 1 branch of the dungeon, and saw 2 of its levels.

You collected 63 gold pieces.

Inventory:

Scrolls
 b - a scroll of fog {unknown}
 d - 2 scrolls of amnesia {unknown}
 e - a scroll of magic mapping {unknown}
 f - a scroll of noise {unknown}
 i - a scroll of enchant weapon {unknown}
Potions
 a - a potion of magic
 c - 2 potions of attraction {unknown}
 g - 2 potions of curing {unknown}
 h - a potion of brilliance {unknown}
 j - a potion of flight {unknown}


   Skills:
 - Level 2.0 Dodging
 - Level 2.6 Stealth
 + Level 3.2 Spellcasting
 - Level 1.0 Transmutations
 + Level 4.1 Earth Magic


You had 8 spell levels left.
You knew the following spells:

 Your Spells              Type           Power      Damage    Failure   Level
a - Sandblast             Erth           36%        2d10      2%          1

Your spell library contained the following spells:

 Spells                   Type           Power      Damage    Failure   Level
 Passwall                 Tmut/Erth      10%        N/A       8%          2
 Apportation              Tloc           6%         N/A       16%         1
 Necrotise                Necr           12%        1d4       16%         1
 Summon Small Mammal      Summ           12%        N/A       16%         1
 Stone Arrow              Conj/Erth      20%        3d8       19%         3
 Petrify                  Tmut/Erth      12%        N/A       45%         4


Dungeon Overview and Level Annotations

Branches:
Dungeon (2/15)

Altars:

Shops:
D:1 ?


Innate Abilities, Weirdness & Mutations

You cannot wear most types of armour.
You are amphibious.
You can wear up to eight rings at the same time.
Your skin changes colour to match your surroundings (Stealth+).
Your rubbery body absorbs attacks. (AC +1, EV +1)
((You are camouflaged when in or above water. (Stealth+)))
You have tentacles for arms and can constrict up to eight enemies at once.


Message History

You are held in a net!
Casting: Sandblast (safe; 2% risk of failure)
Confirm with . or Enter, or press ? or * to list all spells.
Aiming: Sandblast (safe; 2% risk of failure)
Press: ? - help, Shift-Dir - straight line, f/p - gnoll
Aim: a gnoll, wielding a +0 spear (moderately wounded, 84% to hit)
The blast of sand misses the gnoll.
An endoplasm comes into view.
The gnoll hits you from afar with a +0 spear.
The gnoll closely misses you. The gnoll hits you with a +0 whip.
Casting: Sandblast (safe; 2% risk of failure)
Confirm with . or Enter, or press ? or * to list all spells.
Aiming: Sandblast (safe; 2% risk of failure)
Press: ? - help, Shift-Dir - straight line, f/p - gnoll
Aim: a gnoll, wielding a +0 spear (moderately wounded, 84% to hit)
The blast of sand hits the gnoll!
The gnoll is heavily wounded.
The gnoll hits you from afar with a +0 spear.
The gnoll hits you with a +0 whip!
You are too injured to fight recklessly!
Casting: Sandblast (safe; 2% risk of failure)
Confirm with . or Enter, or press ? or * to list all spells.
Aiming: Sandblast (safe; 2% risk of failure)
Press: ? - help, Shift-Dir - straight line, f/p - gnoll
Aim: a gnoll, wielding a +0 spear (moderately wounded, 84% to hit)
The blast of sand hits the gnoll!
You kill the gnoll!
The gnoll hits you from afar with a +0 spear.
* * * LOW HITPOINT WARNING * * *
The gnoll barely misses you. The endoplasm barely misses you.
You are too injured to fight recklessly!
Casting: Sandblast (safe; 2% risk of failure)
Confirm with . or Enter, or press ? or * to list all spells.
Aiming: Sandblast (safe; 2% risk of failure)
Press: ? - help, Shift-Dir - straight line, f/p - gnoll
Aim: a gnoll, wielding a +0 spear (moderately wounded, 84% to hit)
The blast of sand hits the endoplasm!
You kill the endoplasm!
The gnoll hits you from afar with a +0 spear!
You die...

#.#.##.#
#.#.##.#
#.#....#
#.####.# ##
#.####.####
..
#.........#
..
###.##.##.#
.# #
#.##.##J.#...
#....@)g...#
####.##..###
#.# )... ..#
.... #### ###


You could see a gnoll and an endoplasm.

Vanquished Creatures
  2 gnolls (D:2)
  3 adders (D:2)
  2 dart slugs (D:2)
  2 endoplasms (D:2)
  2 giant cockroaches (D:2)
  3 goblins (D:1)
  3 hobgoblins
  A quokka (D:2)
  2 ball pythons (D:2)
  2 frilled lizards (D:2)
  6 kobolds
28 creatures vanquished.

Notes
Turn   | Place    | Note
-------+----------+-------------------------------------------
     0 | D:1      | tardwrangler69 the Octopode Earth Elementalist began the
                  | quest for the Orb.
     0 | D:1      | Reached XP level 1. HP: 11/11 MP: 3/3
   642 | D:1      | Found Geamuhiss's Magic Scroll Boutique.
  1215 | D:1      | Reached XP level 2. HP: 17/17 MP: 3/5
  1543 | D:2      | Found a faded altar of an unknown god.
  1576 | D:2      | Reached XP level 3. HP: 21/21 MP: 2/6
  2013 | D:2      | Reached skill level 4 in Earth Magic
  2013 | D:2      | Reached XP level 4. HP: 27/27 MP: 6/8
  2019 | D:2      | Slain by a gnoll

Illustrated notes

Levels and vault maps discovered:
D:1:      tarquinn_simple_flora_water_c, layout_loops_corners, serial_forest,
          infiniplex_forest_straight_3, infiniplex_forest_lined_room_2,
          infiniplex_forest_zigzag_1, infiniplex_forest_end_2,
          infiniplex_forest_clump_long, serial_shops,
          nicolae_shop_temple_entry_statues_fountains
D:2:      layout_loops_cross, nicolae_ecumenical_lake_church

Skill      XL: |  1  2  3 |
---------------+----------+-----
Spellcasting   | 3 |  3.2
Earth Magic    | 4 |  4.1
Dodging        | |  2.0
Stealth        | |  2.6
Transmutations | |  1.0

Action                   |  1- 3 |  4- 6 || total
-------------------------+-------+-------++-------
Melee: Unarmed           |     8 |       ||     8
       Constrict         |     3 |       ||     3
       Tentacles         |     2 |       ||     2
 Cast: Sandblast         |    36 |     6 ||    42
Armor: Skin              |     2 |       ||     2
Dodge: Dodged            |    13 |     4 ||    17
